 Dungeon Crawl Stone Soup version 0.16-a0-223-g37887f7 (webtiles) character file.

1221 Jenx the Cleaver (level 8, 64/64 HPs)
             Began as a Minotaur Fighter on Aug 20, 2014.
             Was a Follower of Qazlal.
             Quit the game on Level 5 of the Dungeon on Sept 8, 2014.
             The game lasted 00:14:16 (3947 turns).

Jenx the Cleaver (Minotaur Fighter)                 Turns: 3947, Time: 00:14:16

HP  64/64        AC 11     Str 20      XL: 8   Next: 23%
MP  12/12        EV  5     Int  5      God: Qazlal [*.....]
Gold 294         SH 11     Dex 13      Spells:  0 memorised,  7 levels left

rFire  . . .     SeeInvis .     a - +0 broad axe (curse)
rCold  . . .     Clarity  .     C - +0 chain mail
rNeg   . . .     rCorr    .     c - +0 shield
rPois  .         rRot     .     (helmet restricted)
rElec  .         Spirit   .     (no cloak)
SustAb .         Warding  .     q - +1 pair of gloves
rMut   .         Stasis   .     (no boots)
Gourm  .                        p - amulet of rage
MR     .....                    (no ring)
                                r - ring of magical power

@: not resistant to hostile enchantments, extremely unstealthy
A: retaliatory headbutt, horns 2
a: Renounce Religion, Evoke Berserk Rage


You were on level 5 of the Dungeon.
You worshipped Qazlal.
Qazlal was aware of your devotion.
You were not hungry.

You visited 1 branch of the dungeon, and saw 5 of its levels.

You collected 294 gold pieces.

Inventory:

Hand weapons
 a - a cursed +0 broad axe (weapon)
 D - a +0 war axe
Missiles
 m - 9 poisoned needles
 w - 11 tomahawks
 E - 2 poisoned javelins (quivered)
 H - 5 needles of confusion
Armour
 c - a +0 shield (worn)
 q - a +1 pair of gloves (worn)
 C - a +0 chain mail (worn)
Magical devices
 b - a wand of lightning (2)
 n - a wand of confusion (0)
 I - a wand of fire (4)
 J - a wand of slowing (8)
Comestibles
 d - 2 bread rations
 f - 7 fruits
 h - 2 meat rations
Scrolls
 j - a scroll of magic mapping {unknown}
 o - a scroll of teleportation {unknown}
 v - a scroll of immolation {unknown}
 y - 2 scrolls of enchant armour
 z - a scroll of identify
 G - a scroll of fog {unknown}
 O - a scroll of enchant weapon {unknown}
 P - a scroll of remove curse {unknown}
 S - a scroll of fear {unknown}
Jewellery
 p - an amulet of rage (around neck)
 r - a ring of magical power (left hand)
 B - an uncursed ring of magical power
 N - an uncursed ring of stealth
Potions
 e - a potion of brilliance {unknown}
 g - a potion of cancellation
 i - a potion of restore abilities
 k - a potion of confusion {unknown}
 l - a potion of agility
 s - a potion of experience {unknown}
 t - 2 potions of curing
 u - a potion of heal wounds {unknown}
 x - a potion of magic {unknown}
 A - a potion of lignification {unknown}
 K - a potion of flight {unknown}
 L - a potion of invisibility {unknown}
 M - a potion of haste {unknown}
 Q - a potion of poison {unknown}


   Skills:
 - Level 3.6 Fighting
 * Level 11.8 Axes
 - Level 3.6 Armour
 - Level 3.6 Shields


You had 7 spell levels left.
You didn't know any spells.

Dungeon Overview and Level Annotations

Branches:
Dungeon (5/15)             Temple (0/1) D:5

Altars:
Cheibriados
Gozag
Qazlal
Vehumet
Zin

Annotations:
D:4 exclusion: statue


Innate Abilities, Weirdness & Mutations

You reflexively headbutt those who attack you in melee.
You have a pair of horns on your head.


Message History

You kill the goliath beetle!
Qazlal accepts your kill.
S - a scroll labeled AGHAEGGICHO HP restored.
Found 24 bolts.
You see here 24 bolts.
You smell something rotten. (slot R)
You are feeling hungry.
You are feeling very hungry.
Eat which item? (? for menu, Esc to quit)
You continue eating.
You finish eating.
That beef jerky was delicious!
All of the chunks of flesh in your inventory have rotted away.
Done exploring.
Done exploring.
Save game and exit?
Welcome back, Jenx the Minotaur Fighter.
Qazlal says: Let the forces of nature tear it all down!
Press ? for a list of commands and other information.
Are you sure you want to abandon this character and quit the game? (Confirm with "yes".)

##.## #.....#
##.## ##......
#..####..##... ###
##............
#.#####.....#.....
#................#
#........###.....#
#.....##.###....##
#@#...##.........#
#.##..##...#####..
#####.#...## ##.
#.##.## ## ######


There were no monsters in sight!

Vanquished Creatures
  Grinder (D:5)
  The ghost of Sneal the Zealot, an average FoDK of Yredelemnul (D:3)
  Menkaure (D:4)
  A sky beast (D:3)
  A scorpion (D:3)
  A jelly (D:4)
  A goliath beetle (D:5)
  2 orc wizards (D:4)
  3 hounds (D:5)
  An orc priest (D:4)
  An iguana (D:4)
  A gnoll shaman (D:3)
  A worker ant (D:5)
  Ijyb (D:2)
  Terence (D:3)
  A worker ant zombie (D:5)
  5 gnolls
  9 adders
  A giant mite (D:5)
  8 worms
  2 adder zombies (D:5)
  4 giant geckos
  2 oozes
  3 orcs
  2 ball pythons
  3 bats
  A bat skeleton (D:4)
  7 giant cockroaches
  8 goblins
  12 hobgoblins
  6 jackals (D:3)
  5 kobolds
  A giant newt (D:3)
  3 rats
101 creatures vanquished.

Notes
Turn   | Place    | Note
--------------------------------------------------------------
     0 | D:1      | Jenx, the Minotaur Fighter, began the quest for the Orb.
     0 | D:1      | Reached XP level 1. HP: 19/19 MP: 1/1
   193 | D:1      | Reached XP level 2. HP: 24/26 MP: 1/1
   550 | D:2      | Noticed Ijyb
   577 | D:2      | Killed Ijyb
   577 | D:2      | Reached skill level 4 in Axes
   577 | D:2      | Reached XP level 3. HP: 26/31 MP: 2/2
   605 | D:2      | Found a stormy altar of Qazlal.
   620 | D:2      | Found a snail-covered altar of Cheibriados.
   858 | D:2      | Reached skill level 5 in Axes
   930 | D:2      | Reached XP level 4. HP: 39/39 MP: 2/2
  1169 | D:3      | Noticed a sky beast
  1183 | D:3      | Killed a sky beast
  1183 | D:3      | Reached skill level 6 in Axes
  1183 | D:3      | Reached XP level 5. HP: 18/45 MP: 2/2
  1366 | D:3      | Reached skill level 7 in Axes
  1395 | D:3      | Found a stormy altar of Qazlal.
  1413 | D:3      | Became a worshipper of Qazlal Stormbringer
  1448 | D:3      | Reached XP level 6. HP: 51/51 MP: 3/3
  1449 | D:3      | Noticed Sneal's ghost (average FoDK)
  1465 | D:3      | Killed Sneal's ghost
  1465 | D:3      | Reached skill level 8 in Axes
  1546 | D:3      | Reached skill level 9 in Axes
  1604 | D:3      | Noticed Terence
  1611 | D:3      | Killed Terence
  2147 | D:4      | Reached XP level 7. HP: 50/57 MP: 3/3
  2295 | D:4      | Acquired Qazlal's first power
  2370 | D:4      | Noticed Menkaure
  2376 | D:4      | Killed Menkaure
  2376 | D:4      | Reached skill level 10 in Axes
  2558 | D:4      | Found a radiant altar of Vehumet.
  2754 | D:5      | Entered Level 5 of the Dungeon
  2770 | D:5      | Found an opulent altar of Gozag.
  2982 | D:5      | Found a staircase to the Ecumenical Temple.
  2985 | D:5      | Noticed Grinder
  2991 | D:5      | Paralysed by Grinder for 4 turns
  2997 | D:5      | Paralysed by Grinder for 6 turns
  3004 | D:5      | Killed Grinder
  3004 | D:5      | Reached skill level 11 in Axes
  3004 | D:5      | Reached XP level 8. HP: 47/64 MP: 3/3
  3045 | D:5      | Found a glowing silver altar of Zin.
  3947 | D:5      | Quit the game

Action                   |  1- 3 |  4- 6 |  7- 9 || total
-------------------------+-------+-------+-------++-------
Melee: War axe           |    70 |       |       ||    70
       Broad axe         |     5 |   103 |    93 ||   201
Throw: Javelin           |     2 |     7 |     2 ||    11
       Tomahawk          |       |     3 |    11 ||    14
Evoke: Wand              |       |       |    11 ||    11
  Use: Scroll            |       |     1 |     4 ||     5
       Potion            |       |     1 |     2 ||     3
  Eat: Chunk             |       |     4 |     4 ||     8
       Fruit             |       |       |     1 ||     1
       Beef jerky        |       |       |     1 ||     1
